 Dungeon Crawl Stone Soup version 0.15.0-23-gc2b521c (console) character file.

93 gw the Twirler (level 4, -2/38 HPs)
             Began as a Minotaur Gladiator on Sept 9, 2014.
             Slain by an orc priest
             ... wielding a +0 falchion
              (6 damage)
             ... on Level 3 of the Dungeon.
             The game lasted 00:01:04 (2178 turns).

gw the Twirler (Minotaur Gladiator)                 Turns: 2178, Time: 00:01:04

HP  -2/38        AC  8     Str 19      XL: 4   Next: 36%
MP   2/2         EV  8     Int  4 (5)  God:
Gold 0           SH  0     Dex 12      Spells:  0 memorised,  3 levels left

rFire  + . .     SeeInvis .     a - +3 quarterstaff
rCold  . . .     Clarity  .     o - +2 scale mail {rF+}
rNeg   . . .     rCorr    .     (no shield)
rPois  .         rRot     .     c - +0 hat
rElec  .         Spirit   .     (no cloak)
SustAb .         Warding  .     (no gloves)
rMut   .         Stasis   .     (no boots)
Gourm  .                        (no amulet)
MR     .....                    (no ring)
                                (no ring)

@: not resistant to hostile enchantments, extremely unstealthy
A: retaliatory headbutt, horns 2
a: no special abilities


You were on level 3 of the Dungeon.
You were not hungry.

You visited 1 branch of the dungeon, and saw 3 of its levels.

Inventory:

Hand weapons
 a - a +3 quarterstaff (weapon)
Missiles
 d - 3 throwing nets
 h - 7 poisoned tomahawks
 i - 36 stones (quivered)
Armour
 c - a +0 hat (worn)
 o - a +2 scale mail of fire resistance (worn)
Comestibles
 f - 4 bread rations
 g - a beef jerky
 n - 2 meat rations
 q - 2 chunks of hobgoblin flesh
Scrolls
 b - a scroll of identify
 j - a scroll of blinking {unknown}
 m - a scroll of teleportation {unknown}
Potions
 e - 3 potions of curing
 k - a potion of resistance {unknown}
 l - a potion of agility {unknown}
 p - a potion of haste {unknown}


   Skills:
 + Level 3.2 Fighting
 * Level 5.0 Staves
 + Level 2.6 Throwing
 + Level 1.9 Armour
 - Level 3.2 Dodging


You had 3 spell levels left.
You didn't know any spells.

Dungeon Overview and Level Annotations

Branches:
Dungeon (3/15)

Altars:
Kikubaaqudgha
Nemelex Xobeh
Xom


Innate Abilities, Weirdness & Mutations

You reflexively headbutt those who attack you in melee.
You have a pair of horns on your head.


Message History

The giant gecko closely misses you.
The orc priest hits you with a falchion.
The orc priest looks braver.
The giant gecko bites you but does no damage.
The orc hits you with a whip.
ATTACK MOVE TO (1,-1)
You barely miss the giant gecko.
The giant gecko is heavily wounded.
The orc priest hits you but does no damage.
The giant gecko barely misses you. The orc hits you with a whip.
ATTACK MOVE TO (1,-1)
You barely miss the giant gecko. You headbutt the giant gecko.
You kill the giant gecko!
The orc priest hits you but does no damage.
The orc priest calls down the wrath of Beogh upon you.
Something smites you!
ATTACK MOVE TO (1,-1)
You hit the orc but do no damage. The orc hits you with a whip.
The orc priest hits you with a falchion.
You die...

#####...)......#
..$............+
#####..........#
#####..........#
............... ##
#.............. .#
....#.######.### .# .
....#..###.#.#.##o##.....
....+......#.#..Hol.o....
....##..##.#.#.##o######%
#######.##.#.#.# $#
.....##+##.#.#.##.#
................#.#
...........#.#..#.#
...........#.#..#.#
...........#.#..#.#
.....###+###.#..#.


You could see 2 orc priests, 2 orcs and a giant newt.

Table legend:
 A = Turns spent in this place as a percentage of turns spent in the entire game.
 B = Non-inter-level travel turns spent in this place as a percentage of non-inter-level travel turns spent in the entire game.
 C = Inter-level travel turns spent in this place as a percentage of turns spent in this place.
 D = Turns resting spent in this place as a percentage of non-inter-level travel turns spent in this place.
 E = Turns spent auto-exploring this place as a percentage of non-inter-level travel turns spent in this place.
 F = Non-inter-level travel turns spent in this place divided by the number of levels of this place that you've seen.
                   A       B       C       D       E      F
               +-------+-------+-------+-------+-------+----------------------
         Total | 100.0 | 100.0 |   1.1 |   6.0 |  17.3 | 206.3
       Dungeon | 100.0 | 100.0 |   1.1 |   6.0 |  17.3 | 206.3
               +-------+-------+-------+-------+-------+----------------------

Table legend:
 A = Kills in this place as a percentage of kills in entire the game.
 B = Kills by you in this place as a percentage of kills by you in the entire game.
 C = Kills by friends in this place as a percentage of kills by friends in the entire game.
 D = Other kills in this place as a percentage of other kills in the entire game.
 E = Experience gained in this place as a percentage of experience gained in the entire game.
 F = Experience gained in this place divided by the number of levels of this place that you have seen.
                   A       B       C       D       E      F
               +-------+-------+-------+-------+-------+----------------------
         Total | 100.0 | 100.0 |  -nan |  -nan | 100.0 |  44.3
       Dungeon | 100.0 | 100.0 |  -nan |  -nan | 100.0 |  44.3
               +-------+-------+-------+-------+-------+----------------------

Vanquished Creatures
  3 adders
  A giant mite (D:2)
  A worm (D:2)
  2 giant geckos
  An ooze (D:2)
  An orc (D:3)
  2 giant cockroaches (D:1)
  6 goblins
  10 hobgoblins
  5 jackals
  2 quokkas
  4 bats
  A giant newt (D:1)
  5 kobolds
  6 rats
50 creatures vanquished.

Notes
Turn   | Place    | Note
--------------------------------------------------------------
     0 | D:1      | gw, the Minotaur Gladiator, began the quest for the Orb.
     0 | D:1      | Reached XP level 1. HP: 18/18 MP: 1/1
   277 | D:1      | Found a sparkling altar of Nemelex Xobeh.
   344 | D:1      | Reached skill level 4 in Staves
   355 | D:1      | Reached XP level 2. HP: 25/25 MP: 1/1
   593 | D:1      | Reached skill level 1 in Armour
   942 | D:2      | Reached XP level 3. HP: 26/30 MP: 2/2
  1164 | D:2      | Found a shimmering altar of Xom.
  1771 | D:2      | Reached XP level 4. HP: 38/38 MP: 2/2
  2113 | D:3      | Found an ancient bone altar of Kikubaaqudgha.
  2141 | D:3      | Reached skill level 5 in Staves
  2178 | D:3      | Slain by an orc priest

Action                   |  1- 3 |  4- 6 || total
-------------------------+-------+-------++-------
Melee: Quarterstaff      |    70 |    15 ||    85
Throw: Stone             |    34 |    18 ||    52
       Tomahawk          |     7 |       ||     7
  Use: Scroll            |     4 |     3 ||     7
       Potion            |     2 |     1 ||     3
  Eat: Chunk             |     2 |     2 ||     4

Vault maps used:
D:1:      scummos_arrival_simple_crosswalls, nemelex_diamond_rough_becter
D:2:      lemuel_doored_altar, first_bread, kennysheep_nondescript,
          grunt_ministairs_10
D:3:      fedhas_altar_4, old_standard_altar, uniq_terence
